 Dungeon Crawl Stone Soup version 0.22.1-5-g62c59d9 (webtiles) character file.

63 errolflynn the Skirmisher (level 3, 0/35 HPs)
             Began as a Minotaur Berserker on Jan 5, 2019.
             Was a Believer of Trog.
             Succumbed to an adder's poison
             ... on level 2 of the Dungeon on Jan 7, 2019.
             The game lasted 00:19:09 (1485 turns).

errolflynn the Skirmisher (Minotaur Berserker)      Turns: 1485, Time: 00:19:10

Health: 0/35       AC:  2    Str: 21    XL:     3   Next: 87%
Magic:  2/2        EV: 12    Int:  4    God:    Trog [**....]
Gold:   33         SH:  0    Dex: 10    Spells: 2/2 levels left

rFire    . . .     SeeInvis .   i - +2 spear (pierce)
rCold    + . .     Gourm    .   (no shield)
rNeg     . . .     Faith    .   b - +0 animal skin
rPois    .         Spirit   .   (helmet restricted)
rElec    .         Reflect  .   (no cloak)
rCorr    .         Harm     .   (no gloves)
MR       .....                  (no boots)
Stlth    +.........             (no amulet)
HPRegen  0.11/turn              q - ring of protection from cold
MPRegen  0.08/turn              (no ring)

@: lethally poisoned (0 -> -3)
A: retaliatory headbutt, horns 2
a: Berserk, Trog's Hand, Renounce Religion


You were on level 2 of the Dungeon.
You worshipped Trog.
Trog was pleased with you.
You were not hungry.

You visited 1 branch of the dungeon, and saw 2 of its levels.

You collected 33 gold pieces.

Inventory:

Hand Weapons
 a - a +0 hand axe
 f - a +0 dagger
 i - a +2 spear of piercing (weapon)
 j - a +0 dagger
 m - a +0 dagger
 n - a +0 club
 o - a +0 whip
 r - a +0 mace
 w - a +0 falchion
 x - a +1 mace of protection
Missiles
 e - 15 poisoned needles
 g - 31 stones (quivered)
 p - 15 bolts
Armour
 b - a +0 animal skin (worn)
 t - a +0 leather armour
 u - a +3 plate armour
Jewellery
 q - a ring of protection from cold (left hand)
Scrolls
 d - a scroll of remove curse {unknown}
 h - a scroll of teleportation {unknown}
 l - 5 scrolls of identify {unknown}
 s - a scroll of enchant armour {unknown}
Potions
 k - a potion of mutation {unknown}
 v - a potion of invisibility {unknown}
 z - a potion of ambrosia {unknown}
 A - 2 potions of curing {unknown}
Comestibles
 c - a ration


   Skills:
 + Level 4.8 Fighting
 + Level 4.3 Axes
 + Level 0.2(2.6) Polearms
 + Level 2.6 Armour
 + Level 2.7 Dodging


You had 2 spell levels left.
You didn't know any spells.
Your spell library was empty.

Dungeon Overview and Level Annotations

Branches:
Dungeon (2/15)

Altars:
Xom


Innate Abilities, Weirdness & Mutations

You reflexively headbutt those who attack you in melee.
You have a pair of horns on your head.


Message History

The gnoll hits you with a flail! The gnoll barely misses you.
The gnoll hits you but does no damage.
You puncture the gnoll! You headbutt the gnoll.
You kill the gnoll!
Trog accepts your kill. The gnoll misses you.
The gnoll hits you but does no damage. The adder completely misses you.
The gnoll hits you. The adder misses you. The gnoll closely misses you.
Things that are here:
a flail; a gnoll corpse The adder bites you.
You hit the goblin.
You kill the goblin!
Trog accepts your kill. The gnoll barely misses you. The adder bites you.
* * * LOW HITPOINT WARNING * * *
You are poisoned.
The adder poisons you! The gnoll hits you!
* * * LOW HITPOINT WARNING * * *
You die...

##### ######## ...#
######.......
#######.####...##.######
.......@.g......#.#
#.#####.Sg......#.# #
#.###.....#.# ## #.#
##...##.# #. #.#
##.###.####♣^ #.# #.#
#.##..≈. ..#
#.###.##.#..
..#####...#.##.##.
...........##..##


You could see 2 gnolls and an adder.

Vanquished Creatures
  A gnoll (D:2)
  2 oozes (D:2)
  A worm (D:2)
  2 dart slugs
  A leopard gecko (D:1)
  2 giant cockroaches (D:1)
  2 goblins
  3 hobgoblins (D:1)
  5 jackals
  5 kobolds
  A quokka (D:2)
  8 bats
  3 frilled lizards
  2 rats (D:1)
38 creatures vanquished.

Notes
Turn   | Place    | Note
-------+----------+-------------------------------------------
     0 | D:1      | errolflynn the Minotaur Berserker began the quest for the
                  | Orb.
     0 | D:1      | Reached XP level 1. HP: 19/19 MP: 0/0
   472 | D:1      | Reached XP level 2. HP: 15/27 MP: 1/1
   491 | D:1      | Upgraded the game from 0.22.1-2-g9c5b331 to
                  | 0.22.1-5-g62c59d9
  1138 | D:2      | Reached XP level 3. HP: 26/34 MP: 2/2
  1251 | D:2      | Reached ** piety under Trog
  1353 | D:2      | Found a shimmering altar of Xom.
  1359 | D:2      | Found a shimmering altar of Xom.
  1359 | D:2      | Found a shimmering altar of Xom.
  1360 | D:2      | Found a shimmering altar of Xom.
  1362 | D:2      | Found a shimmering altar of Xom.
  1362 | D:2      | Found a shimmering altar of Xom.
  1362 | D:2      | Found a shimmering altar of Xom.
  1484 | D:2      | HP: 1/35 [gnoll (8)]
  1485 | D:2      | Succumbed to an adder's poison

Skill      XL: |  1  2 |
---------------+-------+-----
Fighting       | 4 |  4.8
Axes           | 4 |  4.3
Polearms       | |  0.2
Armour         | |  2.6
Dodging        | |  2.7

Action                   || total
-------------------------++-------
Melee: Hand axe          ||    38
       Headbutt          ||    11
       Spear             ||    35
  Eat: Ration            ||     1
Armor: Animal skin       ||    22
Dodge: Dodged            ||    79
